 Dungeon Crawl Stone Soup version 0.29.1-2-gbd0b4ee654 (webtiles) character file.

Game seed: 16938881444753067988

180 kingsuperguy the Trooper (level 5, -4/47 HPs)
             Began as a Ghoul Monk on Nov 15, 2022.
             Splashed by a jelly's acid (8 damage)
             ... on level 5 of the Dungeon.
             The game lasted 00:08:31 (2895 turns).

kingsuperguy the Trooper (Ghoul Monk)               Turns: 2895, Time: 00:08:31

Health: -4/47      AC:  8    Str: 15 (17) XL:     5   Next: 60%
Magic:  4/4        EV:  7    Int:  5      God:
Gold:   162        SH:  0    Dex: 11      Spells: 4/4 levels left

rFire   + . .      SeeInvis .   r - +2 dagger (protect)
rCold   + . .      Faith    .   (no shield)
rNeg    + + +      Spirit   .   f - +1 chain mail {rF+}
rPois   ∞          Reflect  .   (no helmet)
rElec   .          Harm     .   (no cloak)
rCorr   .          Rampage  .   e - +1 pair of gloves
Will    .....                   k - +0 pair of boots
Stlth   ..........              (no amulet)
HPRegen 0.00/turn               (no ring)
MPRegen 0.09/turn               (no ring)

@: silenced, corroded, inhibited regen
A: claws 1, cold resistance 1, negative energy resistance 3, inhibited
regeneration, torment resistance 2, devour on kill
a: no special abilities


You were on level 5 of the Dungeon.
You visited 1 branch of the dungeon, and saw 5 of its levels.

You collected 162 gold pieces.

Inventory:

Hand Weapons
 c - a +0 sling
 g - a +0 sling
 q - a +0 rapier
 r - a +2 dagger of protection (weapon)
Missiles
 o - 25 stones (quivered)
 p - 6 poisoned darts
Armour
 a - a +0 robe
 e - a +1 pair of gloves (worn)
 f - a +1 chain mail of fire resistance (worn)
 k - a +0 pair of boots (worn)
 m - a +0 chain mail
 n - a +0 buckler
Magical Staves
 t - a staff of fire
Scrolls
 b - 2 scrolls of enchant weapon {unknown}
 h - 4 scrolls of identify {unknown}
 i - 2 scrolls of magic mapping
 j - a scroll of brand weapon {unknown}
 u - a scroll of teleportation {unknown}


   Skills:
 * Level 4.5 Fighting
 * Level 1.9 Short Blades
 + Level 0.1 Armour
 + Level 3.3 Dodging
 + Level 2.8 Stealth
 + Level 4.3 Unarmed Combat


You had 4 spell levels left.
You didn't know any spells.
Your spell library was empty.

Dungeon Overview and Level Annotations

Branches:
Dungeon (5/15)
 Temple: D:4-7

Altars:
Uskayaw
Vehumet

Annotations:
D:3 Sigmund


Innate Abilities, Weirdness & Mutations

You are immune to poison.
You have sharp fingernails.
Your flesh is cold resistant. (rC+)
You are immune to negative energy. (rN+++)
You do not regenerate when monsters are visible.
You are immune to unholy pain and torment.
You thrive by killing the living.


Message History

* * * LOW HITPOINT WARNING * * *
The jelly is heavily wounded.
The jelly hits you.
* * * LOW HITPOINT WARNING * * *
You are splashed with acid!
* * * LOW HITPOINT WARNING * * *
You feel better. The jelly hits you but does no damage.
Okay, then.
It was a potion of cancellation.
Your magical effects are unravelling.
You feel magically purged.
You are no longer corroded.
The jelly hits you but does no damage.
As you read the scroll labelled YLIEC VYJITOME, it crumbles to dust.
You feel aware of your surroundings.
You sensed 4 shops/portals.
It was a scroll of magic mapping.
The jelly jiggles.
The jelly hits you but does no damage.
As you read the scroll labelled KAOZXOTW YLIVI, it crumbles to dust.
A profound silence engulfs you.
It was a scroll of silence.
The jelly barely misses you.
Magic scrolls do not work when you're silenced!
Found a chain mail.
Found a stone staircase leading down.
Magic scrolls do not work when you're silenced!
The jelly hits you but does no damage. The jelly attacks as you move away!
The jelly hits you but does no damage.
Found 8 gold pieces.
You see here a clear potion.
d - a clear potion The jelly hits you but does no damage.
It was a potion of mutation.
You feel extremely strange.
Your body decomposes!
You feel weakened.
Your body decomposes!
You feel weakened. The jelly hits you.
* * * LOW HITPOINT WARNING * * *
The acid corrodes you!
You are splashed with acid!
You die...

######## **********,,,
##.....<## **,,
*#........## ***
#......!...# *
#..........# *
#.......!..# *****
#..........######****,,,,
#..$....J.........,,,,***
##!.....@.########*******
*........[.# ******,,,,,
*........>.#***,,,,,,****
*..........#*,,,******
*...........,,***
*..........##************
*#..$.......,,,,,,,,,,,,,
##......####************
*,∩,,***


You could see a jelly.

Vanquished Creatures
  An orc priest (D:3)
  An iguana (D:3)
  7 adders
  2 dart slugs (D:1)
  4 orcs
  5 ball pythons
  6 endoplasms
  A goblin (D:2)
  4 hobgoblins
  2 jackals (D:2)
  4 kobolds
  6 quokkas
  5 bats
  3 frilled lizards
  3 rats (D:2)
54 creatures vanquished.

Notes
Turn   | Place    | Note
-------+----------+-------------------------------------------
     0 | D:1      | kingsuperguy the Ghoul Monk began the quest for the Orb.
     0 | D:1      | Reached XP level 1. HP: 19/19 MP: 0/0
   176 | D:1      | Reached XP level 2. HP: 13/26 MP: 1/1
   551 | D:1      | Found a faded altar of an unknown god.
  1152 | D:1      | Reached XP level 3. HP: 33/33 MP: 2/2
  1749 | D:2      | Reached XP level 4. HP: 41/41 MP: 3/3
  1863 | D:3      | Noticed Sigmund
  2224 | D:3      | Reached skill level 1 in Short Blades
  2302 | D:3      | Reached XP level 5. HP: 47/47 MP: 4/4
  2367 | D:3      | Found a radiant altar of Vehumet.
  2387 | D:3      | Found a hide-covered altar of Uskayaw.
  2513 | D:4      | Noticed a black bear
  2867 | D:5      | Entered Level 5 of the Dungeon
  2882 | D:5      | HP: 1/47 [acid (9)]
  2895 | D:5      | Splashed by a jelly's acid

Illustrated notes

Levels and vault maps discovered:
D:1:      dpeg_arrival_concentric_ovals, layout_basic,
          shapermc_ecumenical_altar_gd, kennysheep_pointless_box,
          chequers_serial_rivers_micro_a, minmay_hexomino_c4
D:2:      layout_rooms, chequers_serial_rivers_micro_a
D:3:      layout_basic, mainiacjoe_overflow_swirl, corexii_shack,
          nicolae_elevator_lobby_plus, uniq_sigmund
D:4:      layout_loops_ring, minmay_temple_entry_nine_rooms
D:5:      layout_rooms, serial_shops, shop, shop, shop,
          nicolae_shop_statue_plus, uniq_grinder

Skill      XL: |  1  2  3  4 |
---------------+-------------+-----
Dodging        | 3 |  3.3
Fighting       | 4 |  4.5
Unarmed Combat | 4 |  4.3
Short Blades   | 1 |  1.9
Armour         | |  0.1
Stealth        | |  2.8

Action                   |  1- 3 |  4- 6 || total
-------------------------+-------+-------++-------
Melee: Unarmed           |    67 |     1 ||    68
       Punch             |     1 |     5 ||     6
       Dagger            |       |   144 ||   144
 Fire: Sling             |    33 |       ||    33
Throw: Stone             |     4 |     1 ||     5
  Use: Potion            |       |     7 ||     7
       Scroll            |       |     2 ||     2
 Stab: Sleeping          |     6 |       ||     6
Armor: Robe              |    17 |    13 ||    30
       Chain mail        |       |    88 ||    88
Dodge: Dodged            |    50 |    82 ||   132
